 Dungeon Crawl Stone Soup version 0.30.1-8-g117510f58f (webtiles) character file.

Game seed: 15822333347902386001

352 Ivernyr the Slasher (level 6, 0/48 HPs)
             Began as a Formicid Gladiator on Sept 23, 2023.
             Slain by a black bear (6 damage)
             ... on level 3 of the Dungeon.
             The game lasted 00:03:57 (3194 turns).

Ivernyr the Slasher (Formicid Gladiator)            Turns: 3194, Time: 00:03:58

Health: 0/48       AC:  7    Str: 18    XL:     6   Next: 93%
Magic:  6/6        EV: 13    Int:  8    God:
Gold:   116        SH:  0    Dex: 17    Spells: 5/5 levels left

rFire   . . .        a - +0 long sword
rCold   . . .        (no shield)
rNeg    . . .        b - +0 leather armour
rPois   .            (helmet unavailable)
rElec   .            t - +0 cloak
rCorr   .            r - +2 pair of gloves
SInv    +            (no boots)
Will    .....        (no amulet)
Stlth   +            (no ring)
HPRegen 0.28/turn    (no ring)
MPRegen 0.10/turn

%: no passive effects
@: no status effects
A: permanent stasis, dig shafts and tunnels, antennae 3, four strong arms
a: Dig, Shaft Self


You were on level 3 of the Dungeon.
You visited 1 branch of the dungeon, and saw 3 of its levels.

You collected 116 gold pieces.

Inventory:

Hand Weapons
 a - a +0 long sword (weapon)
Missiles
 c - 3 throwing nets (quivered)
 d - a javelin
Armour
 b - a +0 leather armour (worn)
 r - a +2 pair of gloves (worn)
 t - a +0 cloak (worn)
Jewellery
 m - a ring of protection from cold
 q - an amulet of magic regeneration
Wands
 s - a wand of digging (6)
Scrolls
 e - 2 scrolls of enchant weapon {unknown}
 f - 3 scrolls of identify {unknown}
 g - 4 scrolls of teleportation {unknown}
 h - a scroll of vulnerability {unknown}
 i - a scroll of magic mapping {unknown}
 k - 2 scrolls of torment {unknown}
 n - a scroll of noise {unknown}
Potions
 j - 5 potions of curing
 l - a potion of brilliance {unknown}
 o - a potion of cancellation {unknown}
 p - a potion of flight {unknown}


   Skills:
 + Level 3.8 Fighting
 * Level 5.0 Long Blades
 - Level 2.0 Throwing
 + Level 2.8 Armour
 + Level 3.8 Dodging


You had 5 spell levels left.
You didn't know any spells.
Your spell library contained the following spells:

 Spells                   Type           Power      Damage    Failure   Level
 Dazzling Flash           Conj/Hex       0%         N/A       83%         3
 Volatile Blastmotes      Fire/Tloc      0%         2d10      83%         3
 Iskenderun's Mystic Bla  Conj/Tloc      0%         2d3       99%         4
 Starburst                Conj/Fire      0%         6d3       100%        6


Dungeon Overview and Level Annotations

Branches:
Dungeon (3/15)

Altars:
Dithmenos

Annotations:
D:3 3 runed translucent doors, Kelnin's ghost, amateur MfWn


Innate Abilities, Weirdness & Mutations

You cannot be hasted, slowed, berserked, paralysed or teleported.
You can dig through walls and to a lower floor.
You have a pair of large antennae on your head. (SInv)
Your four strong arms can wield two-handed weapons with a shield.


Message History

The black bear claws you. The black bear bites you!
The black bear claws you but does no damage.
The black bear barely misses you.
You completely miss the black bear.
The black bear is severely wounded.
The black bear bites you but does no damage.
The black bear misses you. The black bear claws you.
You completely miss the black bear.
The black bear is severely wounded.
The black bear bites you but does no damage.
The black bear closely misses you. The black bear barely misses you.
The black bear closely misses you. The black bear completely misses you.
The black bear claws you.
You slash the black bear!
The black bear is almost dead.
The black bear bites you!
The black bear claws you but does no damage.
The black bear barely misses you. The black bear bites you!
* * * LOW HITPOINT WARNING * * *
The black bear closely misses you.
The black bear claws you but does no damage.
It was a potion of curing.
You feel better. The black bear closely misses you. The black bear claws you.
* * * LOW HITPOINT WARNING * * *
The black bear misses you.
You closely miss the black bear.
The black bear is almost dead.
The black bear closely misses you. The black bear misses you.
The black bear claws you.
* * * LOW HITPOINT WARNING * * *
The black bear barely misses you.
The black bear claws you but does no damage.
The black bear completely misses you.
You hit the black bear.
The black bear is almost dead.
The black bear bites you but does no damage.
The black bear claws you.
* * * LOW HITPOINT WARNING * * *
The black bear claws you.
You die...

#########..†## #.>..######+++#
#............# #....8.........
##.#..........####..............
#.........>.....................
#.#######.....###........#...#..
#.#..$$.#.....# #..#######...#..
#.#.$.$$#....## ##...# #...###
#.#$._..#.##.#######.# #...# #
#.#.$$..#....oh@..##.######### #
#..#..$..#.##.####.##.....### #
#..###+###...h..<# ######...## #
........##.#...... ###..# #
#.#..# #...#.... ##.#### #.
#.....o.. #..... # #.#.#..{{
#..... #.#.#....{ #..... #.#.#
#.. #.....


You could see a black bear (berserk) and an orc wizard (invisible).

Vanquished Creatures
  Sigmund (D:3)
  A phantom (D:3)
  Crazy Yiuf (D:3)
  2 adders (D:3)
  5 dart slugs
  An orc (D:3)
  5 ball pythons
  A bat (D:2)
  4 endoplasms
  A giant cockroach (D:2)
  7 goblins
  4 hobgoblins
  3 jackals
  A quokka (D:2)
  5 frilled lizards (D:1)
  A kobold (D:1)
  5 rats
48 creatures vanquished.

Notes
Turn   | Place    | Note
-------+----------+-------------------------------------------
     0 | D:1      | Ivernyr the Formicid Gladiator began the quest for the Orb.
     0 | D:1      | Reached XP level 1. HP: 16/16 MP: 1/1
    13 | D:1      | Found a faded altar of an unknown god.
   155 | D:1      | Reached XP level 2. HP: 23/23 MP: 2/2
   600 | D:1      | Reached XP level 3. HP: 28/28 MP: 3/3
   608 | D:1      | Reached skill level 1 in Armour
  2156 | D:3      | Reached XP level 4. HP: 32/34 MP: 4/4
  2242 | D:3      | Identified the +8 whip "Ecrenn" {flame, *Noise rF+ Dex+6
                  | Stlth+}
  2250 | D:3      | Found a runed translucent gate.
  2251 | D:3      | Found a runed translucent gate.
  2252 | D:3      | Found a runed translucent gate.
  2253 | D:3      | Noticed Kelnin's ghost (amateur MfWn)
  2254 | D:3      | Identified the +3 short sword "Ecaylaot" {distort, Dex+3}
  2327 | D:3      | Noticed a phantom
  2355 | D:3      | Killed a phantom
  2356 | D:3      | Reached skill level 4 in Long Blades
  2356 | D:3      | Reached XP level 5. HP: 8/41 MP: 5/5
  2508 | D:3      | Noticed Sigmund
  2528 | D:3      | Killed Sigmund
  2529 | D:3      | Reached XP level 6. HP: 43/48 MP: 6/6
  2609 | D:3      | Found a runed translucent door.
  2610 | D:3      | Noticed Crazy Yiuf
  2617 | D:3      | Killed Crazy Yiuf
  2618 | D:3      | Reached skill level 5 in Long Blades
  3108 | D:3      | Found a shadowy altar of Dithmenos.
  3169 | D:3      | Noticed a black bear
  3194 | D:3      | Slain by a black bear

Illustrated notes

Levels and vault maps discovered:
D:1:      tarquinn_simple_flora_water_b, layout_loops_corners,
          hellmonk_ecumenical_altar_heavens_door, nicolae_figureground_pulse
D:2:      layout_basic, minivault_5, kennysheep_nondescript, minmay_pentomino_o4
D:3:      layout_basic, amcnicky_altar_gilded, biasface_ghost_orc_armoury,
          uniq_sigmund, uniq_crazy_yiuf_cottage

Skill      XL: |  1  2  3  4  5  6 |
---------------+-------------------+-----
Armour         | 1 2 |  2.8
Dodging        | 3 |  3.8
Fighting       | 3 |  3.8
Long Blades    | 4 5 |  5.0
Throwing       | |  2.0

Action                     |  1- 3 |  4- 6 || total
---------------------------+-------+-------++-------
  Melee: Long sword        |    92 |    75 ||   167
         Punch             |     1 |       ||     1
    Use: Potion            |       |     1 ||     1
 Armour: Leather armour    |    29 |    28 ||    57
  Dodge: Dodged            |    69 |    78 ||   147
